 Dungeon Crawl Stone Soup version 0.30.1-11-g7821555f0a (webtiles) character file.

Game seed: 18176714140522677886

259 Wiggles the Chopper (level 5, -2/48 HPs)
             Began as a Minotaur Berserker on Nov 27, 2023.
             Was a Believer of Trog.
             Slain by an orc
             ... wielding a +0 dagger
              (4 damage)
             ... on level 4 of the Dungeon.
             The game lasted 00:05:05 (2896 turns).

Wiggles the Chopper (Minotaur Berserker)            Turns: 2896, Time: 00:05:05

Health: -2/48      AC:  7    Str: 24    XL:     5   Next: 94%
Magic:  4/4        EV: 11    Int:  4    God:    Trog [**....]
Gold:   108        SH:  0    Dex:  9    Spells: 4/4 levels left

rFire   . . .        a - +0 hand axe
rCold   . . .        (no shield)
rNeg    . . .        q - +0 scale mail
rPois   +            (helmet restricted)
rElec   .            o - +0 cloak {rPois}
rCorr   .            (no gloves)
SInv    .            (no boots)
Will    .....        (no amulet) Stlth
                     (no ring)
HPRegen 0.28/turn    (no ring)
MPRegen 0.09/turn

%: no passive effects
@: confused, on berserk cooldown, slowed, very slow
A: horns 2, retaliatory headbutt
a: Renounce Religion, Berserk, Trog's Hand


You were on level 4 of the Dungeon.
You worshipped Trog.
Trog was pleased with you.
You visited 1 branch of the dungeon, and saw 4 of its levels.

You collected 108 gold pieces.

Inventory:

Hand Weapons
 a - a +0 hand axe (weapon)
Armour
 o - a +0 cloak of poison resistance (worn)
 q - a +0 scale mail (worn)
Jewellery
 i - a ring of magical power
Scrolls
 b - a scroll of teleportation {unknown}
 c - 2 scrolls of vulnerability {unknown}
 e - 2 scrolls of blinking {unknown}
 g - a scroll of amnesia {unknown}
 h - a scroll of identify {unknown}
 k - 2 scrolls of noise {unknown}
 l - a scroll of immolation {unknown}
Potions
 d - 2 potions of cancellation {unknown}
 f - 2 potions of flight {unknown}
 j - 2 potions of curing {unknown}
 m - a potion of berserk rage {unknown}
 n - a potion of brilliance {unknown}
 p - a potion of degeneration {unknown}


   Skills:
 + Level 5.2 Fighting
 + Level 5.6 Axes
 + Level 2.9 Armour
 + Level 3.6 Dodging
 + Level 1.2 Stealth


You had 4 spell levels left.
You didn't know any spells.
Your spell library was empty.

Dungeon Overview and Level Annotations

Branches:
Dungeon (4/15)
 Temple: D:4-7

Altars:

Shops:
D:1 :*(!?


Innate Abilities, Weirdness & Mutations

You have a pair of horns on your head.
You reflexively headbutt those who attack you in melee.


Message History

Something hits you but does no damage. The orc hits you but does no damage. x2
Something hits you. The orc hits you but does no damage.
You closely miss the orc. You miss something. You hit the orc but do no damage.
Something hits you. The orc barely misses you. You furiously retaliate!
You headbutt the orc, but do no damage. The orc closely misses you.
You hit the orc but do no damage. You miss something.
You completely miss the orc. Something hits you but does no damage.
The orc barely misses you. You furiously retaliate!
You headbutt the orc. The orc hits you with a +0 dagger.
* * * LOW HITPOINT WARNING * * *
The orc misses you. Something hits you but does no damage.
The orc closely misses you.
You hit the orc but do no damage.
The orc is lightly wounded.
You hit the orc but do no damage. You hit something but do no damage.
You hear some strange, mumbled words.
You are confused.
The orc closely misses you. The orc hits you but does no damage.
You hit the orc but do no damage. Your headbutt misses the orc.
You miss something. You closely miss the orc. Something hits you.
* * * LOW HITPOINT WARNING * * *
The orc barely misses you. x2; The orc hits you but does no damage. x2
Something hits you but does no damage. The orc attacks as you move away!
The orc hits you with a +0 club.
* * * LOW HITPOINT WARNING * * *
Something hits you but does no damage.
Items here: )) [ ††.
Something hits you.
* * * LOW HITPOINT WARNING * * *
The orc hits you with a +0 dagger.
* * * LOW HITPOINT WARNING * * *
The orc hits you with a +0 dagger.
* * * LOW HITPOINT WARNING * * *
The orc closely misses you.
You hear some strange, mumbled words.
A puff of flame appears from out of thin air!
The puff of flame hits you.
* * * LOW HITPOINT WARNING * * *
The orc attacks as you move away! The orc hits you with a +0 dagger.
You die...

## #.. .. #####.###
.. . ......... .. . .
#.../.... .#.# .. ##
#......# .#.#...
#..##......###.......
#...#........).......
#...#..##..o{).......
#.......#..@o........
...........).........
##.......!.....##..
#................ .
##.................
##....#.#............
#...#.####...........
#.....#####..........
###....##............


You could see 2 orcs.

Vanquished Creatures
  A scorpion (D:3)
  Crazy Yiuf (D:3)
  An orc priest (D:4)
  An orc wizard (D:4)
  4 adders
  A worm (D:2)
  2 dart slugs
  5 orcs (D:4)
  6 bats
  4 endoplasms
  4 giant cockroaches
  7 goblins
  8 hobgoblins
  2 quokkas (D:1)
  8 ball pythons
  6 frilled lizards
  6 kobolds
  5 rats
72 creatures vanquished.

Notes
Turn   | Place    | Note
-------+----------+-------------------------------------------
     0 | D:1      | Wiggles the Minotaur Berserker began the quest for the Orb.
     0 | D:1      | Reached XP level 1. HP: 19/19 MP: 0/0
   148 | D:1      | Found a faded altar of an unknown god.
   232 | D:1      | Found Muaq's Magic Scroll Emporium.
   240 | D:1      | Reached XP level 2. HP: 17/27 MP: 1/1
   292 | D:1      | Found Vam Ragihe's Distillery.
   400 | D:1      | Found Queqes's Weapon Shoppe.
   818 | D:1      | Found Enypta's Book Emporium.
   888 | D:1      | Found Egipin's General Store.
  1241 | D:2      | Reached XP level 3. HP: 33/33 MP: 2/2
  1805 | D:2      | Reached XP level 4. HP: 41/41 MP: 3/3
  1869 | D:2      | Reached ** piety under Trog
  2212 | D:3      | Noticed a scorpion
  2218 | D:3      | Killed a scorpion
  2219 | D:3      | Reached skill level 5 in Axes
  2292 | D:3      | Found a runed translucent door.
  2293 | D:3      | Noticed Crazy Yiuf
  2300 | D:3      | Killed Crazy Yiuf
  2301 | D:3      | Reached XP level 5. HP: 47/47 MP: 4/4
  2353 | D:3      | Reached skill level 5 in Fighting
  2529 | D:3      | Reached skill level 1 in Stealth
  2895 | D:4      | HP: 2/48 [something/puff of flame (2)]
  2896 | D:4      | Slain by an orc

Illustrated notes

Levels and vault maps discovered:
D:1:      zelgadis_glass_arrival_small, layout_loops_corners,
          shapermc_ecumenical_altar_starsandcircs, serial_shops, shop, shop,
          nicolae_shop_just_a_little_nook, shop, nicolae_shop_crystal,
          grunt_decor_clamped
D:2:      layout_basic, serial_co_window_serial, co_window_paths_b,
          co_window_corner_a, co_window_paths_a, co_window_of_opportunity_a,
          co_window_paths_a, co_window_of_opportunity_b, co_window_broadway_b,
          co_window_broadway_a, co_window_broadway_a, co_window_corner_b,
          co_window_paths_c
D:3:      layout_basic, uniq_crazy_yiuf_cottage
D:4:      layout_cave_pools, minmay_pentomino_pile

Skill      XL: |  1  2  3  4  5 |
---------------+----------------+-----
Fighting       | 4 5 |  5.2
Axes           | 4 5 |  5.6
Dodging        | 3 |  3.6
Stealth        | 1 |  1.2
Armour         | |  2.9

Action                     |  1- 3 |  4- 6 || total
---------------------------+-------+-------++-------
  Melee: Hand axe          |    85 |    69 ||   154
         Headbutt          |    10 |     9 ||    19
         Punch             |     1 |       ||     1
 Invoke: Berserk           |       |     3 ||     3
   Stab: Sleeping          |     1 |       ||     1
 Armour: Animal skin       |    10 |     3 ||    13
         Scale mail        |       |    34 ||    34
  Dodge: Dodged            |    70 |    51 ||   121
